 Dungeon Crawl Stone Soup version 0.29.1-2-gbd0b4ee654 (webtiles) character file.

Game seed: 18159570858141578181

49 Mune the Chopper (level 3, -15/33 HPs)
             Began as a Hill Orc Berserker on Nov 25, 2022.
             Was a Follower of Trog (penitent).
             Demolished by a polar bear (16 damage)
             ... created by the rage of Trog
             ... on level 3 of the Dungeon.
             The game lasted 00:06:02 (2147 turns).

Mune the Chopper (Hill Orc Berserker)               Turns: 2147, Time: 00:06:02

Health: -15/33     AC: 10    Str: 21    XL:     3   Next: 77%
Magic:  3/3        EV: 11    Int:  7    God:    Trog [*.....]
Gold:   96         SH:  0    Dex: 10    Spells: 1/2 levels left

rFire   . . .      SeeInvis .   r - +1 mace (protect)
rCold   . . .      Faith    .   (no shield)
rNeg    . . .      Spirit   .   d - +0 leather armour
rPois   .          Reflect  .   (no helmet)
rElec   .          Harm     .   (no cloak)
rCorr   .          Rampage  .   (no gloves)
Will    .....                   (no boots)
Stlth   +.........              (no amulet)
HPRegen 0.11/turn               (no ring)
MPRegen 0.08/turn               (no ring)

@: under a protective aura
A: no striking features
a: Renounce Religion


You were on level 3 of the Dungeon.
You worshipped Trog.
Trog was demanding penance.
You visited 1 branch of the dungeon, and saw 3 of its levels.

You collected 96 gold pieces.

Inventory:

Hand Weapons
 a - a +0 hand axe
 h - a +0 short sword
 j - a +0 dagger
 q - a +0 long sword
 r - a +1 mace of protection (weapon)
Missiles
 c - 26 stones (quivered)
 n - 4 poisoned darts
Armour
 b - a +0 animal skin
 d - a +0 leather armour (worn)
Wands
 o - a wand of charming (7)
Scrolls
 f - a scroll of magic mapping {unknown}
 g - 3 scrolls of identify {unknown}
 l - a scroll of blinking {unknown}
 m - a scroll of brand weapon {unknown}
 p - a scroll of immolation {unknown}
Potions
 e - a potion of heal wounds {unknown}
 i - a potion of degeneration {unknown}
 k - 2 potions of haste {unknown}


   Skills:
 + Level 4.2 Fighting
 + Level 4.7 Axes
 + Level 0.3(2.3) Maces & Flails
 + Level 2.7 Armour
 + Level 2.0 Dodging


You had one spell level left.
You knew the following spells:

 Your Spells              Type           Power      Damage    Failure   Level
a - Shock                 Conj/Air       0%         1d3       47%         1

Your spell library contained the following spells:

 Spells                   Type           Power      Damage    Failure   Level
 Lightning Bolt           Conj/Air       0%         1d11      100%        5
 Statue Form              Tmut/Erth      0%         N/A       100%        6
 Maxwell's Capacitive Co  Air            0%         ∞         100%        8


Dungeon Overview and Level Annotations

Branches:
Dungeon (3/15)

Altars:


Message History

The ball python bites you. The ball python grabs you.
The ball python constricts you.
You see here a dart slug corpse.
You sock the ball python!
Your weapon exudes an aura of protection.
You kill the ball python!
Trog accepts your kill.
You see here a ball python corpse.
You see here a ball python corpse.
You see here a dart slug corpse.
You now have 88 gold pieces (gained 11).
You see here a dart slug corpse.
You see here a ball python corpse.
You now have 96 gold pieces (gained 8).
Trog sends monsters to punish you.
A black bear and 2 polar bears come into view.
Unknown command.
You hit the polar bear but do no damage.
Your weapon exudes an aura of protection.
You hit the polar bear.
The polar bear is lightly wounded.
The black bear bites you. The black bear closely misses you.
The black bear barely misses you. The polar bear bites you!!
Ouch! That really hurt!
* * * LOW HITPOINT WARNING * * *
The polar bear barely misses you. The polar bear closely misses you.
You hear a shout! x2
You barely miss the polar bear.
The polar bear is lightly wounded.
The polar bear barely misses you.
The polar bear claws you but does no damage. x2
The polar bear bites you but does no damage.
The polar bear barely misses you. The polar bear claws you.
* * * LOW HITPOINT WARNING * * *
The polar bear barely misses you.
The polar bear claws you but does no damage.
The polar bear claws you.
* * * LOW HITPOINT WARNING * * *
The polar bear bites you!
You die...

........###...
###..[..###...
#
..........#...
#.
.##....##.#...
...
#....##.#...
#..##
#####...#...
#...###
##.######
#hhh##### #..#
#@.††.# ##.##
#####.###..#
#.....##
#.##### ###


You could see 2 polar bears and a black bear (berserk).

Vanquished Creatures
  An adder (D:2)
  A worm (D:3)
  2 dart slugs
  6 ball pythons
  2 bats
  5 endoplasms
  A giant cockroach (D:1)
  2 goblins
  A hobgoblin (D:2)
  2 quokkas (D:1)
  A frilled lizard (D:2)
  4 kobolds
  3 rats
31 creatures vanquished.

Vanquished Creatures (others)
  A ball python (D:2)
  A frilled lizard (D:1)
  2 plants (D:1)
4 creatures vanquished.

Grand Total: 35 creatures vanquished

Notes
Turn   | Place    | Note
-------+----------+-------------------------------------------
     0 | D:1      | Mune the Hill Orc Berserker began the quest for the Orb.
     0 | D:1      | Reached XP level 1. HP: 19/19 MP: 1/1
   285 | D:1      | Reached XP level 2. HP: 24/27 MP: 2/2
  1248 | D:2      | Reached XP level 3. HP: 33/33 MP: 3/3
  1340 | D:2      | Got the Vellum of the Geologist and the Storm
  1341 | D:2      | Was placed under penance by Trog
  1343 | D:2      | Learned a level 1 spell: Shock
  2145 | D:3      | Noticed a polar bear
  2145 | D:3      | Noticed a black bear
  2145 | D:3      | Noticed a polar bear
  2147 | D:3      | HP: 1/33 [polar bear[the rage of Trog] (2)]
  2147 | D:3      | Demolished by a polar bear

Illustrated notes

Levels and vault maps discovered:
D:1:      lightli_arrival_windingriver, layout_basic
D:2:      layout_basic
D:3:      layout_rooms

Skill      XL: |  1  2  3 |
---------------+----------+-----
Fighting       | 4 |  4.2
Dodging        | 2 |  2.0
Axes           | |  4.7
Maces & Flails | |  0.3
Armour         | |  2.7

Action                   || total
-------------------------++-------
Melee: Hand axe          ||    85
       Mace              ||    23
Invok: Berserk           ||     2
Armor: Leather armour    ||    44
       Animal skin       ||     1
Dodge: Dodged            ||   117
